 Dungeon Crawl Stone Soup version 0.32-a0-975-g85d4e5bfdb (webtiles) character file.

Game seed: 6487629400732395251

3130 araganzar the Cleaver (level 9, 0/65 HPs)
             Began as a Demonspawn Reaver on Apr 18, 2024.
             Was a Follower of Uskayaw.
             Slain by an orc
             ... wielding a +0 spear
              (2 damage)
             ... in a bailey.
             The game lasted 00:34:06 (7825 turns).

araganzar the Cleaver (Demonspawn Reaver)           Turns: 7825, Time: 00:34:06

Health: 0/65       AC: 15    Str: 16    XL:     9   Next: 61%
Magic:  8/12       EV:  9    Int: 13    God:    Uskayaw [*.....]
Gold:   94         SH:  0    Dex: 12    Spells: 11/12 levels left

rFire   . .          .
                       - Unarmed
rCold   + . .        (no shield)
rNeg    + . .        t - +1 scale mail
rPois   .            (no helmet)
rElec   .            v - +0 cloak
rCorr   +            (gloves unavailable)
SInv    .            (no boots)
Will    .....        r - amulet of faith {Faith, !P} Stlth
                     C - ring of Lankigipp {Wiz rN+ rCorr Dex-3}
HPRegen 0.30/turn    (no ring)
MPRegen 0.13/turn

%: faith, wizardry (x1)
@: sanguine armoured, attractive, hasted, very quick
A: claws 3, sanguine armour 1, demonic magic 1, agile 1, cold resistance 1,
sturdy frame 1
a: Renounce Religion, Stomp


You were in a bailey.
You worshipped Uskayaw.
Uskayaw was noncommittal.
You visited 2 branches of the dungeon, and saw 9 of its levels.
You also visited: Sewer and Bailey.

You collected 283 gold pieces.
You spent 189 gold pieces at shops.


Innate Abilities, Weirdness & Mutations

You have claws for hands.
When seriously injured, your blood forms armour. (AC +6)
Spells you cast may paralyse adjacent enemies.
You are agile. (Dex +4, Str/Int -1)
Your flesh is cold resistant. (rC+)
Your movements are slightly less encumbered by armour. (ER -2)


   Skills:
 - Level 4.1 Fighting
 - Level 8.0 Axes
 - Level 3.3 Armour
 - Level 2.0 Dodging
 + Level 7.9 Unarmed Combat
 - Level 2.0 Spellcasting
 - Level 3.0 Conjurations
 - Level 4.0 Invocations


You had 11 spell levels left.
You knew the following spells:

 Your Spells              Type           Power      Damage    Failure   Level
a - Kiss of Death         Conj/Necr      20%        2d7       12%         1

Your spell library contained the following spells:

 Spells                   Type           Power      Damage    Failure   Level
 Momentum Strike          Conj/Tloc      10%        3d8       17%         2
 Sandblast                Erth           2%         2d4       22%         1
 Hailstorm                Conj/Ice       5%         3d5       32%         3
 Stone Arrow              Conj/Erth      10%        3d7       32%         3
 Passwall                 Erth           1%         N/A       52%         3
 Chain Lightning          Conj/Air       2%         3d3       100%        9
 Fire Storm               Conj/Fire      2%         8d1       100%        9
 Shatter                  Erth           0%         3d5*      100%        9

Inventory:

Hand Weapons
 a - a +3 hand axe of electrocution
   (You found it on level 1 of the Dungeon)
 c - a +0 hand axe
 h - a +0 battleaxe of flaming
   (You took it off Blork the orc on level 5 of the Dungeon)
 A - a +0 orcbow
   (You found it on level 6 of the Dungeon)
 D - a +3 trident of draining
   (You took it off Jeremiah on level 7 of the Dungeon)
Missiles
 b - 5 atropa-tipped darts (quivered)
 g - a boomerang
 o - 10 poisoned darts
Armour
 d - a +0 ring mail
   (You found it on level 1 of the Dungeon)
 t - a +1 scale mail (worn)
   (You found it on level 3 of the Dungeon)
 v - a +0 cloak (worn)
   (You took it off Crazy Yiuf on level 5 of the Dungeon)
 z - a +0 leather armour
Magical Staves
 p - a staff of air {rElec}
   (You found it on level 2 of the Dungeon)
Jewellery
 r - an amulet of faith (around neck) {Faith, !P}
   (You found it on level 3 of the Dungeon)
 u - the ring "Meskyxza" {rF- rC+ Will+ rCorr}
   (You found it on level 3 of the Dungeon)

   [ring of willpower]

   rF-:       It makes you vulnerable to fire.
   rC+:       It protects you from cold.
   Will+:     It increases your willpower.
   rCorr:     It protects you from acid and corrosion.
 y - an amulet of the acrobat
   (You found it on level 6 of the Dungeon)
 C - the ring of Lankigipp (left claw) {Wiz rN+ rCorr Dex-3}
   (You bought it in a shop on level 3 of the Dungeon)

   [ring of wizardry]

   Wiz:       It improves your spell success rate.
   Dex-3:     It affects your dexterity (-3).
   rN+:       It protects you from negative energy.
   rCorr:     It protects you from acid and corrosion.
Talismans
 k - a maw talisman
   (You found it on level 2 of the Dungeon)
 n - a beast talisman
   (You found it on level 2 of the Dungeon)
Wands
 E - a wand of light (3)
   (You found it on level 7 of the Dungeon)
Scrolls
 l - 2 scrolls of brand weapon
 q - 2 scrolls of enchant weapon
Potions
 i - a potion of lignification {!q}
 m - 2 potions of might

≈≈≈≈≈≈≈≈≈≈≈≈≈≈≈
≈.c.....≈≈≈≈≈≈≈≈▒▒
.≈≈≈≈≈≈≈§.≈≈≈≈≈≈≈▒
≈≈..§§§≈≈≈..≈≈≈≈≈▒
.....§§o§≈≈≈.≈≈≈≈▒
......§§c§.≈.≈≈≈≈▒
......oo§oc≈≈.≈≈≈▒
.....§..oocc≈§≈≈≈▒
.≈≈≈≈≈≈≈.oo@≈≈.≈≈▒
≈≈~~~~~≈≈≈.o.≈.≈≈▒
≈~≈≈≈≈≈~~≈≈§c≈.≈≈▒
≈~~?):≈≈≈~§..§.≈≈▒
≈~≈≈≈≈≈~~≈≈§.≈.≈≈▒
≈≈~~~~~≈≈≈o§.≈§≈≈▒
≈≈≈≈....≈≈.≈≈▒
.o....o.≈.≈≈≈▒
..⌠.≈≈.≈≈≈▒


You could see 4 orc warriors, 5 centaurs and 5 orcs.


Message History

Unknown command.
Press: ? - help, Dir - move target, p - centaur The orc warrior appears confused.
The centaur appears confused. x2
An orc comes into view. It is wielding a +0 halberd.
You can no longer pass through a line of other dancers.
The orc shouts!
You hear a shout!
The orc warrior closely misses the orc.
The orc completely misses you. The orc hits you with a +0 halberd.
* * * LOW HITPOINT WARNING * * *
The centaur completely misses you. The centaur closely misses you.
The centaur is attracted toward you. The orc is attracted toward you.
The centaur is attracted toward you.
The orc warrior is attracted toward you. x2
Something is attracted toward you. The centaur is attracted toward you.
The orc is attracted toward you.
You take 6 damage, and have 2/65 hp.
You now have 8/12 mp.
Okay, then.
Okay, then.
Okay, then.
Unknown command.
Press: ? - help, Shift-Dir - straight line, f - orc warrior
Aim: an orc warrior, wielding a +0 glaive and wearing a +0 chain mail (68% to hit)
The bolt of light hits the centaur!
The centaur is blinded.
The bolt of light hits the orc warrior!
The orc warrior is blinded.
The bolt of light hits the centaur!
The centaur is blinded.
The bolt of light hits the orc warrior.
The orc warrior is blinded.
The centaur barely misses you. The centaur closely misses you.
The centaur barely misses you. The orc hits you with a +0 spear.
You die...
Your body falls in perfect tune with the rhythm.

Action                     |  1- 3 |  4- 6 |  7- 9 || total
---------------------------+-------+-------+-------++-------
  Melee: Hand axe          |   104 |   296 |   118 ||   518
         Unarmed           |       |       |   121 ||   121
         Punch             |       |       |     1 ||     1
  Throw: Dart              |       |     2 |    11 ||    13
         Boomerang         |       |       |     3 ||     3
 Invoke: Line Pass         |       |       |     2 ||     2
  Evoke: Wand              |       |     1 |    10 ||    11
    Use: Scroll            |       |    12 |    14 ||    26
         Potion            |       |       |    11 ||    11
   Stab: Invisible         |       |       |     3 ||     3
         Confused          |       |       |     1 ||     1
         Paralysed         |       |       |     7 ||     7
 Armour: Ring mail         |    74 |   248 |    16 ||   338
         Scale mail        |       |       |   200 ||   200
  Dodge: Dodged            |    51 |   122 |   147 ||   320

Levels and vault maps discovered:
D:1:      minmay_arrival_four_houses, layout_basic, minmay_misc_feat_plants
D:2:      layout_rooms, kennysheep_generic_room_2
D:3:      layout_loops_corners, mainiacjoe_sewer_entry_somewhere_in_here_2,
          serial_shops, nicolae_diamond_shop, roderic_three_in_a_row,
          uniq_jessica, uniq_ijyb
D:4:      layout_basic, grunt_temple_overflow_open,
          nicolae_ea-nasir_strikes_again, uniq_pikel
D:5:      layout_loops_cross, uniq_crazy_yiuf_cottage, uniq_blork_the_orc
D:6:      layout_basic, mainiacjoe_overflow_catwalk, mainiacjoe_overflow_swirl,
          minmay_temple_entry_antechambers
D:7:      layout_basic, gammafunk_temple_overflow_elements,
          wad_floor_pattern_untrapped, uniq_jeremiah, uniq_menkaure
D:8:      layout_rooms, mainiacjoe_overflow_concentric_impassable,
          minmay_lair_entry_grove, enter_bailey_4
Temple:   jpeg_temple_clearing
Bailey:   bailey_polearm_flooded_kennysheep, bailey

Notes
Turn   | Place    | Note
-------+----------+-------------------------------------------
     0 | D:1      | araganzar the Demonspawn Reaver began the quest for the
                  | Orb.
     0 | D:1      | Reached XP level 1. HP: 16/16 MP: 3/3
   132 | D:1      | Reached skill level 3 in Axes
   199 | D:1      | Gained mutation: When seriously injured, your blood forms
                  | armour. (AC +6) [demonic ancestry]
   199 | D:1      | Reached XP level 2. HP: 22/22 MP: 5/5
   643 | D:2      | Gained mutation: You have sharp fingernails. [demonic
                  | ancestry]
   643 | D:2      | Reached XP level 3. HP: 21/27 MP: 6/6
   718 | D:2      | Reached skill level 4 in Axes
  1224 | D:3      | Gained mutation: You have very sharp fingernails. [demonic
                  | ancestry]
  1224 | D:3      | Reached XP level 4. HP: 20/33 MP: 7/7
  1449 | D:3      | Identified the ring "Meskyxza" {rF- rC+ Will+ rCorr}
  1479 | D:3      | Noticed Ijyb
  1492 | D:3      | Killed Ijyb
  1493 | D:3      | Reached skill level 5 in Axes
  1596 | D:3      | Found Fiesi's Assorted Antiques.
  1605 | D:3      | Bought a scroll labelled JANEAV JATUUTI for 27 gold pieces
  1639 | D:3      | Gained mutation: You have claws for hands. [demonic
                  | ancestry]
  1639 | D:3      | Reached XP level 5. HP: 37/38 MP: 8/8
  1674 | D:3      | Found a glowing drain.
  1678 | Sewer    | Entered a sewer
  2151 | Sewer    | Reached skill level 6 in Axes
  2255 | Sewer    | Reached XP level 6. HP: 18/46 MP: 9/9
  2692 | D:3      | Noticed Jessica
  2696 | D:3      | Killed Jessica
  2878 | D:4      | Reached skill level 3 in Fighting
  3014 | D:4      | Found a blossoming altar of Fedhas.
  3020 | D:4      | Found an ancient bone altar of Kikubaaqudgha.
  3024 | D:4      | Found a basalt altar of Yredelemnul.
  3030 | D:4      | Found a shadowy altar of Dithmenos.
  3070 | D:4      | Found Ea-nāṣir's Fine Metal Goods.
  3108 | D:4      | Noticed Pikel
  3740 | D:4      | Killed Pikel
  3741 | D:4      | Reached skill level 4 in Fighting
  3741 | D:4      | Reached skill level 8 in Axes
  3741 | D:4      | Reached skill level 1 in Armour
  3741 | D:4      | Reached skill level 2 in Dodging
  3741 | D:4      | Reached XP level 7. HP: 26/54 MP: 10/10
  4041 | D:5      | Entered Level 5 of the Dungeon
  4063 | D:5      | Noticed Blork the orc
  4080 | D:5      | Killed Blork the orc
  4081 | D:5      | Reached skill level 2 in Armour
  4081 | D:5      | Gained mutation: Spells you cast may paralyse adjacent
                  | enemies. [demonic ancestry]
  4081 | D:5      | Reached XP level 8. HP: 60/60 MP: 11/11
  4359 | D:5      | Reached skill level 3 in Armour
  4508 | D:5      | Reached skill level 1 in Unarmed Combat
  4687 | D:5      | Found a runed translucent door.
  4688 | D:5      | Noticed Crazy Yiuf
  4952 | D:6      | Reached skill level 2 in Unarmed Combat
  5284 | D:3      | Bought a fine granite ring for 135 gold pieces
  5284 | D:3      | Identified the ring of Lankigipp {Wiz rN+ rCorr Dex-3} (You
                  | bought it in a shop on level 3 of the Dungeon)
  5284 | D:3      | Bought a scroll labelled WERCHE TAEMPI for 27 gold pieces
  5434 | D:6      | Reached skill level 3 in Unarmed Combat
  5616 | D:6      | Reached skill level 4 in Unarmed Combat
  5714 | D:6      | Found a staircase to the Ecumenical Temple.
  5723 | Temple   | Entered the Ecumenical Temple
  5734 | Temple   | Became a worshipper of Uskayaw the Reveller
  5801 | D:6      | Found a bloodstained altar of Trog.
  5810 | D:6      | Found a broken altar of Ashenzari.
  5860 | D:6      | Reached * piety under Uskayaw
  6046 | D:5      | Killed Crazy Yiuf
  6047 | D:5      | Reached skill level 1 in Invocations
  6193 | D:6      | Reached ** piety under Uskayaw
  6199 | D:6      | Reached skill level 2 in Invocations
  6335 | D:6      | Reached skill level 5 in Unarmed Combat
  6335 | D:6      | Reached skill level 3 in Invocations
  6555 | D:7      | Reached XP level 9. HP: 60/65 MP: 12/12
  6555 | D:7      | Reached *** piety under Uskayaw
  6757 | D:7      | Noticed Jeremiah
  6785 | D:7      | Reached skill level 4 in Invocations
  6859 | D:7      | Killed Jeremiah
  6860 | D:7      | Reached skill level 6 in Unarmed Combat
  7049 | D:7      | Noticed Menkaure
  7054 | D:7      | Killed Menkaure
  7247 | D:7      | Reached **** piety under Uskayaw
  7272 | D:7      | Found a radiant altar of Vehumet.
  7272 | D:7      | Found a stormy altar of Qazlal.
  7511 | D:8      | Reached skill level 7 in Unarmed Combat
  7595 | D:8      | Found a flagged portal.
  7752 | Bailey   | Entered a bailey
  7813 | Bailey   | Gained mutation: Your movements are slightly less
                  | encumbered by armour. (ER -2) [potion of mutation]
  7813 | Bailey   | Gained mutation: You are agile. (Dex +4, Str/Int -1)
                  | [potion of mutation]
  7813 | Bailey   | Gained mutation: Your flesh is cold resistant. (rC+)
                  | [potion of mutation]
  7824 | Bailey   | HP: 2/65 [orc/+0 halberd (6)]
  7825 | Bailey   | Slain by an orc

Vanquished Creatures
  Pikel (D:4)
  Jeremiah (D:7)
  A hornet (D:8)
  A wyvern (D:8)
  A steam dragon (D:6)
  Menkaure (D:7)
  A sky beast (D:7)
  2 ogres
  A lemure (D:4)
  A phantom (D:6)
  A kobold brigand (D:8)
  Blork the orc (D:5)
  A bullfrog (Sewer)
  A gnoll sergeant (D:6)
  3 scorpions
  5 howler monkeys
  3 hounds
  3 jellies
  Crazy Yiuf (D:5)
  An iguana (D:7)
  Ijyb (D:3)
  Jessica (D:3)
  4 orc wizards
  14 adders
  3 gnolls (D:6)
  3 shadow imps
  12 dart slugs
  4 ribbon worms
  29 orcs
  20 endoplasms
  17 giant cockroaches
  8 goblins
  9 hobgoblins
  6 jackals (D:4)
  4 quokkas
  16 ball pythons
  4 bats
  13 frilled lizards
  16 kobolds
  5 rats
220 creatures vanquished.

Vanquished Creatures (collateral kills)
  A dart slug (Sewer)
  A ball python (Sewer)
  An endoplasm (Sewer)
3 creatures vanquished.

Grand Total: 223 creatures vanquished
